AoeStats
← ITA | Raffy

African Clearing

504046439Analyzed
4v4 RM · 29d ago on Sep 3, 2026· 27m 23s· 8 players
Game mode
Random Map
Map size
Large (8 player)
Population
200
Speed
Normal
Resources
Standard
Victory
Conquest
Starting age
Dark Age
Ending age
Imperial Age
RankedLock teamsTeams togetherTeam positionsShared explorationLock speedFull tech treeHidden civsTurbo modeCheats
Victory
Defeat
🇮🇹 Berbers · Italy
1403
+15
🇩🇪 Saracens · Germany
1399
+15
🇪🇸 Mongols · Spain
1386
+16
🇷🇺 Magyars · Russia
1384
+16
🇵🇪 Poles · Peru
1417
-18
🇧🇪 Goths · Belgium
1406
-17
🇻🇳 Spanish · Vietnam
1344
-14
🇨🇭 Berbers · Switzerland
1337
-13
LEniN
3:09 Loom
13:30 Feudal Age
16:56 Bloodlines
23:00 Castle Age
23:02 Light Cavalry
23:45 Husbandry
24:33 Scale Barding Armor
25:01 Fletching
25:04 Double-Bit Axe
26:54 Bodkin Arrow
27:20 Chain Barding Armor
26:57 Bodkin Arrow
Fanume
11:51 Feudal Age
10:37 Loom
12:31 Double-Bit Axe
15:04 Fletching
15:39 Town Watch
26:34 Wheelbarrow
VaultBoy
4:53 Loom
13:42 Feudal Age
14:37 Double-Bit Axe
17:30 Castle Age
17:36 Fletching
18:30 Bow Saw
18:07 Horse Collar
24:26 Bodkin Arrow
26:54 Ballistics
27:18 Husbandry
27:28 Bloodlines
ITA | Raffy
3:56 Loom
12:50 Feudal Age
13:26 Double-Bit Axe
20:15 Fletching
21:24 Padded Archer Armor
23:32 Wheelbarrow
28:32 Castle Age
27:48 Gold Mining
27:48 Stone Mining
taerue
9:10 Loom
11:57 Feudal Age
12:37 Double-Bit Axe
17:32 Fletching
25:49 Padded Archer Armor
Hympériius
2:46 Loom
12:24 Feudal Age
12:25 Man-at-Arms
12:55 Double-Bit Axe
17:01 Horse Collar
17:27 Fletching
17:59 Fletching
23:14 Castle Age
23:00 Gold Mining
KLIKELIN
3:05 Loom
13:29 Feudal Age
17:23 Castle Age
15:54 Horse Collar
17:44 Double-Bit Axe
La Apple
11:42 Loom
13:27 Feudal Age
14:04 Feudal Age
15:32 Stone Mining
17:43 Castle Age
16:02 Double-Bit Axe
21:07 Husbandry
27:10 Padded Archer Armor
Connection lost

Rejoining the realm…

Still unreachable

The connection could not be restored.

Session expired

The server has moved on; the page needs a fresh start.